 Dungeon Crawl Stone Soup version 0.24.1-14-gf8d2b509d9 (webtiles) character file.

Game seed: 13599100169547710001, levelgen mode: deterministic

41 MrZane the Slasher (level 3, 0/33 HPs)
             Began as a Minotaur Berserker on Jan 5, 2023.
             Was a Believer of Trog.
             Slain by a crimson imp (2 damage)
             ... summoned by Natasha
             ... on level 2 of the Dungeon.
             The game lasted 00:05:31 (1128 turns).

MrZane the Slasher (Minotaur Berserker)             Turns: 1128, Time: 00:05:32

Health: 0/33       AC:  2    Str: 22    XL:     3   Next: 32%
Magic:  2/2        EV: 12    Int:  4    God:    Trog [**....]
Gold:   14         SH:  0    Dex:  9    Spells: 2/2 levels left

rFire    . . .     SeeInvis .   a - +0 falchion
rCold    . . .     Gourm    .   (no shield)
rNeg     . . .     Faith    .   b - +0 animal skin
rPois    .         Spirit   .   (helmet restricted)
rElec    .         Reflect  .   (no cloak)
rCorr    .         Harm     .   (no gloves)
MR       .....                  (no boots)
Stlth    +.........             (no amulet)
HPRegen  0.11/turn              (no ring)
MPRegen  0.08/turn              (no ring)

@: slowed, very slow
A: retaliatory headbutt, horns 2
a: Berserk, Trog's Hand, Renounce Religion


You were on level 2 of the Dungeon.
You worshipped Trog.
Trog was pleased with you.
You were not hungry.

You visited 1 branch of the dungeon, and saw 2 of its levels.

You collected 14 gold pieces.

Inventory:

Hand Weapons
 a - a +0 falchion (weapon)
Missiles
 d - 46 arrows
Armour
 b - a +0 animal skin (worn)
Scrolls
 e - a scroll of identify {unknown}
Potions
 f - a potion of cancellation {unknown}
Comestibles
 c - 4 rations


   Skills:
 + Level 4.2 Fighting
 + Level 4.5 Long Blades
 + Level 2.6 Armour
 + Level 2.5 Dodging


You had 2 spell levels left.
You didn't know any spells.
Your spell library was empty.

Dungeon Overview and Level Annotations

Branches:
Dungeon (1/15)

Altars:

Annotations:
D:2 Natasha


Innate Abilities, Weirdness & Mutations

You reflexively headbutt those who attack you in melee.
You have a pair of horns on your head.


Message History

You slash the white imp!
You kill the white imp!
The crimson imp barely misses you. You furiously retaliate!
You headbutt the crimson imp! Natasha closely misses you.
You riposte.
You closely miss Natasha.
The crimson imp hits you but does no damage.
The crimson imp barely misses you.
You riposte.
You slash the crimson imp!
You kill the crimson imp!
Natasha claws you!
* * * LOW HITPOINT WARNING * * *
The crimson imp blinks!
Natasha claws you but does no damage.
Okay, then.
You eat one of the 5 rations.
That ration really hit the spot!
Natasha casts a spell at you. You resist with significant effort.
Natasha closely misses you. The crimson imp misses you.
The crimson imp closely misses you.
You riposte.
You barely miss the crimson imp. Your headbutt misses the crimson imp.
Natasha casts a spell.
You closely miss Natasha. The crimson imp hits you.
You die...

#.... .. ....
.# ...#.# .
#!#..####..
####?#.#.....
##....5.....
##......5.##
.#.....".h@.#
........$...#
........)...#
........†...#
............#
...........##
#..........#
............#
#...........#


You could see Natasha, a crimson imp and a shadow imp.

Vanquished Creatures
  An ooze (D:1)
  4 leopard geckos
  3 bats (D:1)
  A giant cockroach (D:1)
  2 goblins (D:1)
  4 hobgoblins (D:1)
  3 jackals (D:1)
  2 kobolds (D:1)
  2 ball pythons
  5 frilled lizards
  5 rats (D:1)
32 creatures vanquished.

Notes
Turn   | Place    | Note
-------+----------+-------------------------------------------
     0 | D:1      | MrZane the Minotaur Berserker began the quest for the Orb.
     0 | D:1      | Reached XP level 1. HP: 19/19 MP: 0/0
   641 | D:1      | Reached XP level 2. HP: 23/27 MP: 1/1
   741 | D:1      | Reached ** piety under Trog
   805 | D:1      | Reached XP level 3. HP: 27/33 MP: 2/2
  1108 | D:1      | You fall into a shaft and drop 1 floor!
  1111 | D:2      | Noticed Natasha
  1128 | D:2      | Slain by a crimson imp

Levels and vault maps discovered:
D:1:      dpeg_arrival_lava_altar, layout_basic, kennysheep_small_spiral
D:2:      layout_rooms, uniq_jessica, uniq_natasha, uniq_terence

Skill      XL: |  1  2 |
---------------+-------+-----
Long Blades    | 4 |  4.5
Fighting       | 4 |  4.2
Armour         | |  2.6
Dodging        | |  2.5

Action                   || total
-------------------------++-------
Melee: Falchion          ||    54
       Headbutt          ||     8
  Use: Scroll            ||     1
  Eat: Ration            ||     1
Armor: Animal skin       ||    20
Dodge: Dodged            ||    57
       Rpst.: Falchion   ||    17
